← All builds
Pond / Armada / Economy first / OBSERVED BUILD

Blitz raid

Armada Pond build order · Supreme Isthmus

Pond skips its usual Bot Lab economy focus for an early Vehicle Plant, pushing Blitz tanks forward from 4:08 to raid and fight in the enemy base.

Usually pumps units (64%)

#raid #rush · 90 distinct matches · 47 players · 5% of Armada Pond games · team won 62% of 91 · Recently observed

THE CATCH, AND WHAT COMES WITH IT
  • BlitzT1 vehicle raid from 4:08 · 5% of role by thenFrom the Vehicle Plant. Only 5% of Pond games have it by then; others who build it get it around 8:17
  • Vehicle PlantVehicle Plant in 99%9% of all Pond games by then
  • BlitzBlitz in 66%5% of all Pond games by then

Started with Blitz (68%), Pincer (26%), Rover (5%).

Where those units first fight, in 91 games with kill data: in the middle 74%, on their own side 15%, in the enemy base 11%.

Those units destroy a typical 1,709 metal of enemy units by 15:00.

HOW TO PLAY IT

Key timing: Vehicle Plant by 3:16, Blitz raid by 4:04

  1. Open wind and mex as normal, skip Bot Lab for now.
  2. Drop a Vehicle Plant early instead of the usual Bot Lab-first order.
  3. Send first Blitz tanks raiding straight into the enemy base.
  4. Reclaim the Vehicle Plant once raid value is spent.
  5. Pivot to Advanced Metal Extractor and Bot Lab for normal army.

Phase by phase

TYPICAL OF ITS 90 GAMES · AGAINST STANDARD POND
  1. 1
  2. 2
  3. 3
PLAY THE OPENING

Follow the example game's first 6:00 step by step: what to build now, what comes next, and where it goes. At 1× it keeps pace with your own game.

  1. 1

    Up to the Vehicle Plant

    Economy
    • Metal Extractor4Mex
    • Tidal Generator8Tidalfor allies
    • Wind Turbine4Wind
    • Tidal Generator1Tidal
    Order
    1. Vehicle PlantVehicle Plant after 4 mex, 4 wind, 1 tidaldone ~3:33, middle half 3:18–4:08

    Some games also: energy storage (49%)

    By 3:14 in all: 4 mex · 4 wind · 1 tidal

    The example game in this phase · 7 steps
    1. Tidal ×9for Tech
    2. Tidal ×3
    3. Naval Energy Converter
    4. Tidalfor Geo
    5. Tidal
    6. Mex ×4
    7. Vehicle PlantVehicle Plantdone 3:50 · typical 3:33
  2. 2

    Vehicle Plant to T1 vehicle raid

    Order
    1. BlitzT1 vehicle raid after 4 mex, 6 wind, 1 tidal
    Builders
    • Construction Vehicle1 Con vehicle

    Some games also: wind (38%)

    The standard build makes here, this one skips: 2 wind

    By 4:08 in all: 4 mex · 6 wind · 1 tidal · 1 energy storage

    The example game in this phase · 9 steps
    1. Wind ×2
    2. Construction VehicleCon vehicle
    3. Wind ×2
    4. Energy storage
    5. Construction VehicleCon vehicle
    6. Con turret
    7. Construction VehicleCon vehicle
    8. Wind
    9. BlitzBlitzdone 5:24
  3. 3

    T1 vehicle raid to 10:00

    Economy
    • Wind Turbine20Wind−11 vs standard
    • Energy Converter4Converter−4 vs standard
    Order
    1. Vehicle PlantEat Vehicle Plant in 56% of games
    Builders
    • Construction Turret1 Con turret
    • Construction Vehicle1 Con vehicle
    Army
    • Blitz14 Blitz +14 vs standard

    The standard build makes here, this one skips: 2 con bot

    By 10:00 in all: 4 mex · 26 wind (standard 38) · 1 tidal · 6 converter (standard 9) · 1 energy storage · 1 con turret (standard 3)

    The example game in this phase · 127 steps
    1. Converter ×2
    2. BlitzBlitz
    3. Wind
    4. Converter
    5. BlitzBlitz
    6. Converter
    7. Wind
    8. Converter
    9. BlitzBlitz
    10. Wind
    11. BlitzBlitz
    12. Wind
    13. BlitzBlitz ×2
    14. Wind
    15. BlitzBlitz
    16. Converter
    17. BlitzBlitz
    18. Wind
    19. BlitzBlitz
    20. Wind
    21. BlitzBlitz ×2
    22. Wind
    23. Converter
    24. BlitzBlitz
    25. Wind
    26. BlitzBlitz ×2
    27. Wind
    28. BlitzBlitz
    29. Converter
    30. BlitzBlitz
    31. Wind
    32. BlitzBlitz
    33. Wind
    34. BlitzBlitz ×2
    35. Wind
    36. Converter
    37. BlitzBlitz ×2
    38. Wind
    39. BlitzBlitz
    40. Wind
    41. BlitzBlitz
    42. Converter
    43. BlitzBlitz
    44. Wind
    45. BlitzBlitz
    46. Wind
    47. BlitzBlitz ×2
    48. Wind
    49. RoverScout
    50. Converter
    51. RoverScout
    52. Wind
    53. RoverScout
    54. Advanced Metal ExtractorT2 mexdone 11:03
    55. RoverScout ×2
    56. Wind
    57. RoverScout ×4
    58. Wind
    59. Converter
    60. RoverScout ×2
    61. Wind
    62. RoverScout ×3
    63. Wind
    64. BlitzBlitz
    65. Con turret
    66. Wind
    67. BlitzBlitz
    68. Wind
    69. Construction VehicleCon vehicle
    70. Wind
    71. Construction VehicleCon vehicle
    72. Advanced Metal ExtractorT2 mex
    73. Wind
    74. Construction VehicleCon vehicle
    75. Wind
    76. RoverScout
    77. Construction VehicleCon vehicle
    78. Wind
    79. RoverScout ×3
    80. Wind
    81. RoverScout
    82. Wind
    83. RoverScout ×2
    84. Wind
    85. RoverScout
    86. Wind
    87. RoverScout ×2
    88. Wind
    89. RoverScout ×3
    90. Wind
    91. RoverScout
    92. Wind
    93. RoverScout
    94. Vehicle PlantVehicle Plantdone 12:22
    95. Wind
    96. Advanced Metal ExtractorT2 mex
    97. RoverScout
    98. Wind ×2
    99. RoverScout
    100. Wind
    101. RoverScout
    102. Wind
    103. RoverScout
    104. Wind ×2
    105. RoverScout ×2
    106. Wind
    107. RoverScout
    108. Wind
    109. RoverScout
    110. Wind
    111. RoverScout ×2
    112. Wind
    113. RoverScout
    114. Wind
    115. RoverScout ×2
    116. Wind
    117. RoverScout
    118. Wind
    119. Advanced Metal ExtractorT2 mex
    120. RoverScout
    121. Wind ×2
    122. RoverScout
    123. Wind ×2
    124. RoverScout
    125. Fortification WallFortification Wall
    126. Wind
    127. T2 converter

Counts are medians over the build's games: half of them build more, half fewer. The example game is Hunfore's (31 OS, 28/09/2026); pick another.

Team trades

IN AT LEAST 30% OF ITS GAMES

You hand over

  • Tidal Generator8 Tidal to Suicide front or Frontfirst at 0:12 · in 85% of games

You get

  • Advanced Construction Bot1 T2 con bot from Techfirst at 7:47 · in 79% of games

How it plays out

Typical game of this build against the role’s standard build, running totals by minute

  • This build
  • Standard pond

Metal produced

010k20k30k
0:005:0010:0015:00

metal

Enemy metal destroyed

01k2k3k
0:005:0010:0015:00

metal

Own metal lost

02k4k
0:005:0010:0015:00

metal

91 games.

Show as table
ByMetal produced: This buildMetal produced: Standard pondEnemy metal destroyed: This buildEnemy metal destroyed: Standard pondOwn metal lost: This buildOwn metal lost: Standard pond
1:001151150000
2:002752680000
3:008247990000
4:00149714730000
5:00217821850000
6:002894299550000
7:0037273910462215500
8:0047264948763170940117
9:005668622312413791320316
10:007004770514506111650552
11:008629964518258422090855
12:0010261120522008116924201289
13:0012109145382473155326401876
14:0014380174272766213435252535
15:0016874201882916259939713249
WHAT THE NUMBERS SAY

Won more often than the standard build despite producing less metal, trading extra losses for far more enemy metal destroyed by 15:00.

  • + Destroys roughly 1679 metal by 15:00 via the raid.
  • + Far higher enemy metal destroyed at 10:00 (1517 vs 670).
  • − Own metal lost more than triples by 10:00 (1650 vs 431).
  • − Metal production falls behind standard by 15:00 (17959 vs 20997).
THE EXAMPLE YOU ARE READING

Hunfore

31.2 OS · 28/09/2026

Open source match ↗

153 received units · includes a constructor
1319 metal received · 79399 energy received

Allied construction assistance is unknown. Timings are observations, not a promise of solo reproducibility.

Typical milestones

Vehicle Plant3:33Middle 50%: 3:18–4:08 · n=91
Advanced Metal Extractor9:46Middle 50%: 8:43–10:27 · n=74

Played most by

haaven8games of this buildHunfore7games of this buildViltrum7games of this buildzeus_on_god7games of this buildFrugalResources6games of this build